 Dungeon Crawl Stone Soup version 0.25.0-26-g0c896c7088 (webtiles) character file.

Game seed: 14446790643101082644

31 Esekla the Grave Robber (level 3, 0/25 HPs)
             Began as a Formicid Necromancer on July 2, 2020.
             Succumbed to an adder's poison
             ... on level 3 of the Dungeon.
             The game lasted 00:09:29 (1429 turns).

Esekla the Grave Robber (Formicid Necromancer)      Turns: 1429, Time: 00:09:29

Health: 0/25       AC:  2    Str: 12    XL:     3   Next: 40%
Magic:  2/7        EV: 12    Int: 15    God:
Gold:   19         SH:  0    Dex: 11    Spells: 3/7 levels left

rFire    . . .     SeeInvis +   b - +0 short sword
rCold    + . .     Gourm    .   (no shield)
rNeg     . . .     Faith    .   a - +0 robe
rPois    .         Spirit   .   (helmet unavailable)
rElec    .         Reflect  .   (no cloak)
rCorr    .         Harm     .   (no gloves)
MR       .....                  (no boots)
Stlth    ++........             (no amulet)
HPRegen  0.08/turn              d - ring of protection from cold
MPRegen  0.10/turn              (no ring)

@: lethally poisoned (0 -> -5)
A: permanent stasis, dig shafts and tunnels, four strong arms, antennae 3
a: Dig, Shaft Self


You were on level 3 of the Dungeon.
You were hungry.

You visited 1 branch of the dungeon, and saw 4 of its levels.

You collected 19 gold pieces.

Inventory:

Hand Weapons
 b - a +0 short sword (weapon)
Armour
 a - a +0 robe (worn)
Jewellery
 d - a ring of protection from cold (left hand)
Scrolls
 f - a scroll of teleportation {unknown}
Comestibles
 c - a ration


   Skills:
 * Level 0.7 Fighting
 + Level 1.8 Dodging
 + Level 2.7 Stealth
 * Level 2.7 Spellcasting
 + Level 4.4 Necromancy


You had 3 spell levels left.
You knew the following spells:

 Your Spells              Type           Power        Failure   Level  Hunger
a - Pain                  Necr           ###.         3%          1    #......
d - Vampiric Draining     Necr           ###.......   10%         3    ###....

Your spell library contained the following spells:

 Spells                   Type           Power        Failure   Level  Hunger
 Animate Skeleton         Necr           N/A          3%          1    #......
 Animate Dead             Necr           N/A          32%         4    #####..
 Agony                    Necr           ###.....     67%         5    ######.


Dungeon Overview and Level Annotations

Branches:
Dungeon (4/15)
 Temple: D:4-7

Altars:
Makhleb

Portals:
Sewer: D:3


Innate Abilities, Weirdness & Mutations

You cannot be hasted, slowed, berserked, paralysed or teleported.
You can dig through walls and to a lower floor.
Your four strong arms can wield two-handed weapons with a shield.
You have a pair of large antennae on your head. (SInv)


Message History

You feel sick.
Okay, then.
You miss the adder. The adder misses you. x2
You miss the adder. The adder barely misses you.
You hit the adder but do no damage.
You feel sick. The adder barely misses you. The adder bites you.
* * * LOW HITPOINT WARNING * * *
You miss the adder. The adder barely misses you.
You closely miss the adder. The adder bites you.
* * * LOW HITPOINT WARNING * * *
You are more poisoned.
The adder poisons you! The adder misses you.
It was a potion of berserk rage.
Your stasis prevents you from going berserk.
* * * LOW HITPOINT WARNING * * *
You feel sick. The adder misses you.
You closely miss the adder. The adder barely misses you.
* * * LOW HITPOINT WARNING * * *
You feel sick. The adder closely misses you.
You die...

.......#.....#
#.....#.....##
#............#
#.....#......#
#.....#......#
#.....#......####
#######.........#
###.#####.#
#@#≈≈≈#.#
#.#≈≈≈#.# #
#S#≈∩≈#.#.#
#S#≈≈≈#...#
##S#≈≈≈#..#
#s.##'##..#
#.s.......#
#........(#
###########


You could see 3 adders and 2 giant cockroaches.

Vanquished Creatures
  An adder (D:3)
  3 leopard geckos
  2 hobgoblins (D:1)
  2 jackals
  A kobold (D:1)
  A ball python (D:1)
  4 bats (D:1)
  2 frilled lizards (D:1)
  4 rats
20 creatures vanquished.

Vanquished Creatures (others)
  An orc priest (D:4)
  2 orc wizards (D:4)
  An orc (D:4)
4 creatures vanquished.

Grand Total: 24 creatures vanquished

Notes
Turn   | Place    | Note
-------+----------+-------------------------------------------
     0 | D:1      | Esekla the Formicid Necromancer began the quest for the
                  | Orb.
     0 | D:1      | Reached XP level 1. HP: 13/13 MP: 3/3
    84 | D:1      | You fall into a shaft and drop 1 floor!
    84 | D:2      | Found a burning altar of Makhleb.
    84 | D:2      | Noticed a balrug
   397 | D:2      | Reached XP level 2. HP: 16/20 MP: 0/5
  1282 | D:2      | You fall into a shaft and drop 1 floor!
  1307 | D:4      | Reached XP level 3. HP: 17/25 MP: 4/6
  1312 | D:4      | Learned a level 3 spell: Vampiric Draining
  1390 | D:3      | Found a glowing drain.
  1427 | D:3      | HP: 1/25 [poisoned by an adder]
  1429 | D:3      | Succumbed to an adder's poison

Illustrated notes

Levels and vault maps discovered:
D:1:      dpeg_arrival_arbitrary_a, layout_loops_ring, nrook_loot_triangle
D:2:      layout_loops_ring, makhleb_altar_promises_db
D:3:      layout_basic, grunt_temple_overflow_open, gup_sewer_entry_glass,
          corexii_hall_statues_i, uniq_sigmund
D:4:      layout_loops_ring, fiery_altar_vehumet, marbit_many_paths,
          minmay_goblin_outpost

Action                   || total
-------------------------++-------
Melee: Unarmed           ||    23
       Short sword       ||    38
 Cast: Pain              ||    23
       Vampiric Draining ||     2
 Abil: Shaft Self        ||     1
  Use: Potion            ||     1
 Stab: Sleeping          ||     3
  Eat: Chunk             ||     2
Armor: Robe              ||    33
Dodge: Dodged            ||    84
